 Dungeon Crawl Stone Soup version 0.19.0-22-gd96e5fe (webtiles) character file.

484 Larett the Cutter (level 7, -3/38 HPs)
             Began as a Gargoyle Artificer on Nov 18, 2016.
             Was an Initiate of Ashenzari.
             Slain by Achryn's ghost (11 damage)
             ... on level 4 of the Dungeon.
             The game lasted 00:13:39 (4717 turns).

Larett the Cutter (Gargoyle Artificer)              Turns: 4717, Time: 00:13:40

Health: -3/38      AC: 12    Str: 16    XL:     7   Next: 12%
Magic:  9/9        EV:  7    Int: 11    God:    Ashenzari [......]
Gold:   152        SH:  0    Dex: 12    Spells: 0 memorised, 6 levels left

rFire  . . .     SeeInvis .     a - +0 short sword (curse)
rCold  . . .     Gourm    .     B - +0 chain mail (curse)
rNeg   + + .     Faith    .     (no shield)
rPois  ∞         Spirit   .     (no helmet)
rElec  +         Reflect  .     (no cloak)
rCorr  .         Harm     .     (no gloves)
MR     .....                    (no boots)
Stlth  ..........               (no amulet)
                                (no ring)
                                C - ring of positive energy

@: no status effects
A: negative energy resistance 1, electricity resistance, unbreathing,
petrification resistance, rot immunity, AC +4
a: Curse Item, Renounce Religion


You were on level 4 of the Dungeon.
You worshipped Ashenzari.
Ashenzari was noncommittal.
You were not hungry.

You visited 2 branches of the dungeon, and saw 5 of its levels.

You collected 152 gold pieces.

Inventory:

Hand Weapons
 a - a cursed +0 short sword (weapon)
 j - a +2 short sword of venom
Missiles
 i - 25 sling bullets
 k - 129 stones (quivered)
 p - 28 poisoned needles
Armour
 q - a +1 ring mail
 B - a cursed +0 chain mail (worn)
Jewellery
 s - a +2 ring of intelligence
 C - a ring of positive energy (left hand)
Wands
 c - a wand of flame (16/48)
 d - a wand of enslavement (18/24)
 e - a wand of random effects (8/48)
Scrolls
 h - a scroll of teleportation
 y - a scroll of fog {unknown}
Potions
 g - 2 potions of flight {unknown}
 l - a potion of might {unknown}
 m - a potion of haste {unknown}
 n - a potion of lignification {unknown}
 o - a potion of brilliance {unknown}
 t - a potion of invisibility {unknown}
 w - a potion of beneficial mutation {unknown}
 x - a potion of mutation {unknown}
 z - a potion of ambrosia {unknown}
 A - 3 potions of curing {unknown}
Comestibles
 b - 12 fruits
 f - 2 bread rations
 u - a beef jerky
 v - a meat ration


   Skills:
 - Level 1.1 Fighting
 + Level 6.6 Short Blades
 - Level 1.5 Dodging
 - Level 1.1 Stealth
 - Level 2.6 Evocations


You had 6 spell levels left.
You didn't know any spells.

Dungeon Overview and Level Annotations

Branches:
Dungeon (4/15)             Temple (1/1) D:4

Altars:
Ashenzari
Cheibriados
Dithmenos
Elyvilon
Fedhas
Gozag
Hepliaklqana
Kikubaaqudgha
Makhleb
Nemelex Xobeh
Okawaru
Qazlal
Ru
Sif Muna
Trog
Uskayaw
Vehumet
Xom
Yredelemnul
Zin
The Shining One

Annotations:
D:4 Achryn's ghost, novice GrFi


Innate Abilities, Weirdness & Mutations

You are resistant to torment.
Your stone body is resilient. (AC +4)
You are immune to poison.
You resist negative energy. (rN+)
You are resistant to electric shocks. (rElec)
You can survive without breathing.
You are immune to petrification.
You are immune to rotting.


Message History

Achryn's ghost is heavily damaged.
You closely miss Achryn's ghost.
Achryn's ghost is heavily damaged.
Achryn's ghost hits you!
* * * LOW HITPOINT WARNING * * *
You hit Achryn's ghost but do no damage.
Achryn's ghost is heavily damaged.
Achryn's ghost hits you but does no damage.
You hit Achryn's ghost but do no damage.
Achryn's ghost is heavily damaged.
Achryn's ghost hits you!
* * * LOW HITPOINT WARNING * * *
Evoke which item? (* to show all) (? for menu, Esc to quit)
Zapping:
e - a wand of random effects (9/48)
Press: ? - help, Shift-Dir - straight line, f/p - Achryn's ghost
Aim: Achryn's ghost (heavily damaged)
The bolt of fire hits Achryn's ghost.
Achryn's ghost is almost destroyed.
This wand has 8 charges left.
Achryn's ghost hits you!
You die...

#....# #..........###### #....#
#..........#
##....#####..........############
.'....'...'......................
##....#####...........###########
##....## #......)....###########
#......# #...........##.........
#......# #.....W.....##.........
#......# #.....9.....##.........
#......# #######..##.##.........
#......# ##.##.##.........
##...#############..#'##.........
##...## #.......)................
......# #........................
......# #..>.))..................
......# ###......................
......# #......................


You could see Achryn's ghost.

Vanquished Creatures
  2 ogres (D:4)
  A scorpion (D:4)
  A hound (D:4)
  An orc priest (D:4)
  4 worker ants (D:4)
  3 gnolls (D:4)
  3 adders
  4 dart slugs
  5 leopard geckos
  6 orcs (D:4)
  4 giant cockroaches
  5 goblins
  3 hobgoblins
  2 quokkas
  3 bats (D:2)
  A frilled lizard (D:1)
  2 kobolds
  5 rats
55 creatures vanquished.

Vanquished Creatures (collateral kills)
  An orc (D:4)
1 creature vanquished.

Vanquished Creatures (others)
  2 orcs (D:4)
2 creatures vanquished.

Grand Total: 58 creatures vanquished

Notes
Turn   | Place    | Note
-------+----------+-------------------------------------------
     0 | D:1      | Larett the Gargoyle Artificer began the quest for the Orb.
     0 | D:1      | Reached XP level 1. HP: 12/12 MP: 2/2
    46 | D:1      | Reached skill level 1 in Short Blades
   218 | D:1      | Reached XP level 2. HP: 13/16 MP: 4/4
   291 | D:1      | Reached skill level 2 in Short Blades
  1109 | D:1      | Reached XP level 3. HP: 13/20 MP: 5/5
  1719 | D:2      | Reached skill level 3 in Short Blades
  2374 | D:3      | Reached XP level 4. HP: 23/25 MP: 6/6
  2891 | D:4      | Noticed an ogre
  2902 | D:4      | Killed an ogre
  2902 | D:4      | Reached skill level 4 in Short Blades
  2902 | D:4      | Reached XP level 5. HP: 29/29 MP: 7/7
  2929 | D:4      | Reached skill level 5 in Short Blades
  3031 | D:4      | Reached XP level 6. HP: 32/34 MP: 8/8
  3379 | D:4      | Noticed Achryn's ghost (novice GrFi)
  3627 | D:4      | Found a staircase to the Ecumenical Temple.
  3652 | Temple   | Entered the Ecumenical Temple
  3879 | Temple   | Became a worshipper of Ashenzari the Shackled
  3915 | D:4      | HP: 1/34 [ogre/giant club (21)]
  3923 | D:4      | Reached skill level 6 in Short Blades
  4416 | D:4      | Reached XP level 7. HP: 33/38 MP: 9/9
  4715 | D:4      | HP: 7/38 [Achryn's ghost (9)]
  4717 | D:4      | Slain by Achryn's ghost

Skill      XL: |  1  2  3  4  5  6 |
---------------+-------------------+-----
Short Blades   | 1 2 3 4 5 6 |  6.6
Fighting       | |  1.1
Dodging        | |  1.5
Stealth        | |  1.1
Evocations     | |  2.6

Action                   |  1- 3 |  4- 6 |  7- 9 || total
-------------------------+-------+-------+-------++-------
Melee: Short sword       |   133 |   105 |    21 ||   259
Throw: Stone             |       |     7 |       ||     7
Invok: Curse Item        |       |     1 |       ||     1
Evoke: Wand              |       |    32 |    10 ||    42
  Use: Scroll            |     6 |     2 |       ||     8
 Stab: Sleeping          |     1 |       |       ||     1
  Eat: Chunk             |     4 |     5 |     1 ||    10
       Pizza             |       |     1 |       ||     1
Armor: Leather armour    |    23 |       |       ||    23
       Ring mail         |    34 |    25 |       ||    59
       Chain mail        |       |    24 |    12 ||    36
Dodge: Dodged            |    50 |    65 |     2 ||   117
